Map: Dreamcatcher LE

Players

Lambo - Winner!

  • Race: Zerg Zerg
  • Spawn Location: 11:00

Zanster

  • Race: Zerg Zerg
  • League: Master
  • Spawn Location: 5:00

Event: WCS Austin 2018

VOD

Have the link to the VOD?

Description

Time

  • Played on: June 1, 2018, 5:27 p.m.
  • Length: 5:23

All games in this series

Show
View Real Time Build Order
Export as new Build Order

Lambo Zerg - Winner!

Build Orders: Hatch First 

Get SALT Encoding   

  12  0:00  Drone  
  13  0:13  Overlord  
  13  0:18  Drone  
  14  0:32  Drone x2  
  16  0:48  Hatchery  
  15  0:51  Drone  
  15  0:55  Drone  
  17  0:58  Drone  
  18  1:09  Extractor  
  17  1:13  Spawning Pool  
  17  1:17  Drone  
  17  1:20  Drone  
  18  1:28  Drone  
  19  1:39  Drone  
  20  1:50  Overlord  
  20  2:00  Queen x2  
  24  2:01  Drone x2  
  26  2:11  Drone x2  
  28  2:22  Drone  
  29  2:23  Drone  
  30  2:31  Evolution Chamber  
  30  2:33  Overlord  
  29  2:38  Lair  
  29  2:40  Drone  
  29  2:41  Queen  
  29  2:44  Drone  
  33  2:47  Drone, Extractor  
  33  2:57  Roach Warren  
  32  2:59  Zerg Missile Weapons Level 1  
  32  3:02  Drone  
  32  3:04  Drone  
  34  3:06  Drone  
  34  3:12  Drone x2  
  37  3:14  Drone  
  38  3:21  Queen  
  40  3:27  Overlord  
  40  3:30  Overlord  
  40  3:37  Glial Reconstitution  
  40  3:42  Roach x2  
  44  3:50  Roach x2  
  44  3:54  Roach  
  50  3:59  Roach x3  
  56  4:04  Roach  
  56  4:08  Roach  
  60  4:14  Overlord  
  60  4:15  Overlord  
  60  4:33  Roach x6  
  60  4:37  Roach  
  74  4:43  Roach  
  76  4:47  Overlord  
Show
View Real Time Build Order
Export as new Build Order

Zanster Zerg 

Build Orders: Hatch First 

Get SALT Encoding   

  12  0:00  Drone  
  13  0:12  Overlord  
  13  0:17  Drone  
  14  0:31  Drone  
  14  0:32  Drone  
  14  0:34  Drone  
  17  0:51  Hatchery  
  17  0:54  Drone  
  17  0:57  Drone  
  18  1:07  Extractor  
  17  1:13  Spawning Pool  
  17  1:15  Drone  
  17  1:18  Drone  
  18  1:28  Drone  
  19  1:38  Drone  
  20  1:49  Overlord  
  20  2:00  Queen  
  22  2:03  Queen  
  22  2:04  Drone x2  
  26  2:11  Drone  
  26  2:15  Drone  
  28  2:22  Drone, Metabolic Boost  
  29  2:25  Drone  
  30  2:35  Zergling x2  
  30  2:36  Hatchery  
  30  2:42  Queen  
  32  2:48  Baneling Nest  
  32  2:49  Drone  
  33  2:51  Drone  
  33  2:56  Overlord  
  33  2:59  Zergling x2  
  33  3:02  Drone  
  35  3:06  Overlord  
  35  3:12  Drone  
  36  3:15  Drone x3  
  36  3:17  Drone  
  36  3:19  Drone  
  41  3:23  Drone  
  41  3:24  Drone  
  42  3:27  Drone  
  42  3:29  Evolution Chamber  
  42  3:33  Roach Warren  
  42  3:35  Drone  
  42  3:36  Drone  
  44  3:43  Drone x2  
  44  3:45  Drone x3  
  44  3:47  Drone  
  50  3:50  Overlord  
  50  3:52  Drone  
  50  3:54  Drone  
  52  3:56  Drone  
  53  4:07  Overlord  
  54  4:10  Zergling x4  
  54  4:13  Extractor  
  54  4:14  Extractor x2  
  53  4:17  Drone x4  
  53  4:19  Drone  
  53  4:20  Drone  
  53  4:23  Overlord  
  58  4:28  Zergling x8  
  61  4:32  Overlord  
  61  4:42  Roach x5  
  61  4:43  Roach  
  61  4:44  Overlord  
  61  4:45  Overlord  
  73  4:50  Overlord x2  
  73  4:53  Zergling x2  
  72  5:02  Roach  
  72  5:03  Roach x3  
Tags
 
Add a new tag
Caveats
  • Supply blocks, unpowered buildings, or Contaminate may cause inaccurate times.
  • Supply counts are checked every 10 seconds.